Map: Ice and Chrome LE

Players

IIIIIIIIIIll (RiSky)

  • Race: Zerg Zerg
  • League: Grandmaster
  • Spawn Location: 1:00

YTYT - Winner!

  • Race: Terran Terran
  • League: Grandmaster
  • Spawn Location: 7:00

VOD

Have the link to the VOD?

Description

Time

  • Played on: June 27, 2020, 9:18 a.m.
  • Length: 8:34
Show
View Real Time Build Order
Export as new Build Order

IIIIIIIIIIll Zerg 

Build Orders: Hatch First, Muta Ling Bane 

Get SALT Encoding   

  12  0:01  Drone  
  13  0:12  Overlord  
  13  0:17  Drone  
  14  0:30  Drone x2  
  16  0:48  Hatchery  
  15  0:50  Drone  
  15  0:54  Drone  
  17  0:58  Drone  
  18  1:08  Extractor  
  17  1:12  Spawning Pool  
  17  1:15  Drone  
  17  1:19  Drone  
  18  1:27  Drone  
  19  1:38  Drone  
  20  1:49  Overlord  
  20  1:59  Queen x2  
  20  2:00  Zergling x4  
  26  2:11  Drone x2  
  26  2:13  Metabolic Boost  
  28  2:21  Drone x2  
  30  2:36  Hatchery, Drone  
  30  2:39  Drone  
  30  2:44  Queen  
  30  2:48  Drone  
  30  2:51  Overlord  
  33  2:53  Drone  
  33  2:57  Drone  
  35  3:10  Drone x3  
  35  3:11  Drone  
  39  3:14  Drone  
  39  3:17  Overlord  
  40  3:22  Drone  
  40  3:26  Drone  
  42  3:31  Drone  
  43  3:34  Queen x2  
  43  3:36  Drone  
  48  3:42  Drone  
  49  3:48  Queen  
  49  3:49  Overlord, Drone  
  49  3:51  Drone  
  49  3:52  Zergling x2  
  49  3:53  Drone x3  
  57  3:58  Overlord  
  57  4:08  Drone  
  57  4:09  Drone x4  
  62  4:14  Lair  
  62  4:15  Overlord  
  62  4:16  Queen  
  65  4:17  Drone  
  65  4:23  Overlord  
  65  4:25  Extractor  
  65  4:26  Drone  
  65  4:28  Baneling Nest  
  65  4:29  Drone  
  65  4:34  Spore Crawler, Drone x2  
  65  4:35  Zergling x2, Spore Crawler  
  65  4:36  Zergling x6  
  69  4:39  Zergling x4  
  69  4:41  Drone  
  69  4:43  Drone  
  69  4:44  Drone  
  74  4:46  Drone  
  74  4:50  Drone x2  
  74  4:52  Drone x3  
  80  4:58  Drone  
  81  5:01  Overlord, Drone, Extractor  
  81  5:02  Drone, Extractor  
  81  5:03  Extractor  
  81  5:04  Overlord  
  81  5:06  Drone  
  81  5:10  Overlord  
  81  5:12  Overlord  
  81  5:15  Overlord  
  81  5:21  Zergling x10  
  83  5:23  Baneling x2  
  83  5:24  Drone x3  
  83  5:25  Drone  
  83  5:26  Queen  
  91  5:29  Zergling x4  
  91  5:33  Overlord  
  91  5:34  Drone  
  91  5:35  Drone  
  94  5:38  Drone  
  92  5:47  Drone  
  87  5:51  Drone  
  87  5:52  Drone  
  87  5:55  Spire  
  84  5:57  Drone x2  
  84  5:59  Drone  
  84  6:00  Drone x2  
  84  6:02  Drone  
  84  6:03  Drone x2, Centrifical Hooks  
  91  6:08  Drone  
  91  6:09  Drone  
  92  6:12  Drone  
  91  6:19  Drone x2, Extractor  
  91  6:22  Drone  
  93  6:26  Drone  
  93  6:27  Hatchery  
  93  6:28  Drone x2  
  93  6:32  Hatchery, Zergling x8  
  98  6:37  Zergling x10  
  98  6:38  Evolution Chamber  
  98  6:39  Evolution Chamber  
  101  6:44  Zergling x4  
  103  6:49  Overlord  
  103  7:06  Mutalisk  
  103  7:07  Mutalisk x7  
  123  7:10  Zergling x4  
  123  7:15  Baneling x5  
  125  7:16  Baneling  
  125  7:18  Zergling x6, Baneling  
  125  7:19  Baneling x2  
  124  7:23  Zergling x2  
  111  7:38  Zergling x16  
  111  7:43  Mutalisk x2  
  121  7:55  Zergling x22  
  121  7:56  Overseer  
  131  8:01  Drone x6  
  131  8:04  Extractor  
  131  8:05  Drone  
  137  8:06  Extractor  
  137  8:11  Zergling x4, Hatchery  
  137  8:15  Zergling x4  
Show
View Real Time Build Order
Export as new Build Order

YTYT Terran - Winner!

Build Orders: Liberator Opening, Reaper Expand 

Get SALT Encoding   

  12  0:02  SCV  
  13  0:14  SCV  
  14  0:18  Supply Depot  
  14  0:26  SCV  
  15  0:39  SCV  
  15  0:41  Barracks  
  16  0:43  Refinery  
  16  0:51  SCV  
  17  1:03  SCV  
  18  1:16  SCV  
  19  1:28  Reaper, Orbital Command  
  20  1:40  Command Center  
  20  1:47  Supply Depot  
  21  1:54  SCV  
  21  2:00  Marine  
  22  2:06  SCV  
  23  2:10  Factory  
  23  2:18  SCV  
  23  2:20  Barracks Reactor  
  24  2:30  SCV  
  25  2:42  SCV  
  26  2:44  Command Center  
  26  2:52  Orbital Command  
  26  2:54  SCV  
  27  2:59  Starport  
  27  3:06  SCV  
  27  3:08  Refinery  
  27  3:11  Hellion  
  30  3:17  SCV  
  30  3:19  SCV  
  32  3:21  Hellion  
  34  3:29  SCV  
  34  3:31  SCV  
  36  3:35  Hellion  
  36  3:38  Viking  
  40  3:41  SCV  
  40  3:44  SCV  
  40  3:45  Hellion  
  44  3:53  SCV  
  45  3:56  SCV  
  45  3:58  Orbital Command  
  45  3:59  Hellion  
  48  4:05  SCV  
  48  4:06  Hellion  
  48  4:08  SCV, Liberator  
  55  4:16  Supply Depot  
  55  4:19  SCV  
  55  4:20  SCV  
  55  4:21  Supply Depot, Hellion  
  59  4:24  Barracks Tech Lab  
  59  4:27  Hellion  
  59  4:30  Orbital Command  
  61  4:32  Supply Depot  
  61  4:38  SCV x2  
  63  4:43  Stimpack, Marine  
  66  4:50  SCV x2  
  66  4:53  Starport Reactor  
  66  4:55  Barracks  
  66  4:56  Engineering Bay, Barracks  
  66  4:59  SCV, Engineering Bay  
  67  5:01  Factory Reactor, Marine  
  67  5:02  SCV  
  67  5:03  SCV  
  67  5:04  Refinery  
  70  5:11  SCV  
  71  5:14  SCV  
  71  5:15  Barracks x2  
  71  5:16  SCV  
  71  5:19  Marine  
  74  5:23  SCV  
  74  5:26  SCV, Terran Infantry Weapons Level 1  
  74  5:28  Terran Infantry Armor Level 1  
  76  5:29  Supply Depot  
  76  5:31  Refinery  
  76  5:34  SCV  
  77  5:37  Marine  
  77  5:39  Starport Reactor, Widow Mine  
  77  5:40  Widow Mine  
  77  5:42  SCV x2  
  84  5:47  Marine  
  84  5:49  Marine  
  82  5:54  Marine  
  82  5:56  SCV  
  82  5:57  SCV  
  77  5:59  SCV  
  77  6:01  Supply Depot  
  77  6:02  Marine  
  77  6:03  Barracks Reactor x2  
  75  6:05  Marine  
  75  6:07  Marine  
  75  6:09  SCV x2  
  77  6:11  SCV, Marine  
  77  6:12  Marine  
  77  6:14  Widow Mine  
  77  6:15  Widow Mine  
  77  6:16  Medivac x2  
  87  6:20  Marine  
  87  6:21  SCV x2, Supply Depot x2  
  87  6:22  Supply Depot  
  87  6:23  Combat Shield, Marine  
  87  6:25  Marine  
  91  6:30  Armory  
  92  6:33  SCV x3  
  92  6:36  Refinery, Widow Mine x2  
  92  6:37  Marine  
  100  6:40  Marine  
  100  6:42  Marine x2  
  100  6:44  Supply Depot, Missile Turret  
  103  6:47  Marine x2  
  103  6:48  Missile Turret  
  103  6:49  Marine  
  103  6:50  Missile Turret, Marine  
  103  6:52  Medivac  
  109  6:54  Marine  
  109  6:55  Marine  
  109  6:57  Marine  
  109  6:58  Widow Mine  
  109  6:59  Widow Mine  
  116  7:02  Factory  
  116  7:03  Marine  
  116  7:04  Marine  
  116  7:05  Marine  
  119  7:11  Supply Depot  
  119  7:12  Supply Depot  
  119  7:14  Medivac  
  119  7:15  Marine  
  122  7:21  Marine x3  
  122  7:22  Medivac, Marine x3  
  130  7:25  Widow Mine  
  130  7:27  Widow Mine  
  132  7:30  Marine  
  132  7:36  Marine x2  
  129  7:40  Marine x2, Barracks  
  129  7:41  Barracks  
  129  7:42  Barracks  
  129  7:43  Marine x2  
  122  7:46  Marine, Widow Mine, Factory Tech Lab  
  122  7:47  Marine  
  122  7:49  Medivac, Widow Mine  
  122  7:50  Marine  
  124  7:53  Medivac, Marine  
  124  7:57  Marine  
  128  7:59  Marine  
  128  8:02  Marine  
  128  8:05  Marine  
  131  8:07  Marine, Widow Mine  
  131  8:09  Marine x2  
  131  8:11  Marine  
  131  8:12  Marine  
Tags
 
Add a new tag
Caveats
  • Supply blocks, unpowered buildings, or Contaminate may cause inaccurate times.
  • Supply counts are checked every 10 seconds.